 Dungeon Sprint DCSS version 0.27-a0-1232-gc6a4cbde82 (webtiles) character file.

Game seed: 16141561503349217084

28 rocky1 the Shield-Bearer (level 3, -1/29 HPs)
             Began as a Formicid Fighter on June 9, 2021.
             Slain by a human (5 damage)
             ... in the Dungeon (Sprint III: "The Ten Rune Challenge").
             The game lasted 00:00:50 (243 turns).

rocky1 the Shield-Bearer (Formicid Fighter)          Turns: 243, Time: 00:00:50

Health: -1/29      AC:  6    Str: 21    XL:     3   Next: 30%
Magic:  3/3        EV:  8    Int:  7    God:
Gold:   13         SH: 10    Dex: 10    Spells: 2/2 levels left

rFire    . . .     SeeInvis +   a - +0 long sword
rCold    . . .     Faith    .   c - +0 kite shield
rNeg     . . .     Spirit   .   b - +0 scale mail
rPois    .         Reflect  .   (helmet unavailable)
rElec    .         Harm     .   (no cloak)
rCorr    .         Rampage  .   (no gloves)
Will     .....                  (no boots)
Stlth    ..........             (no amulet)
HPRegen  0.09/turn              (no ring)
MPRegen  0.08/turn              (no ring)

@: no status effects
A: permanent stasis, dig shafts and tunnels, antennae 3, four strong arms
a: Dig


You were in the Dungeon.
You visited 1 branch You collected 13 gold pieces.

Inventory:

Hand Weapons
 a - a +0 long sword (weapon)
Missiles
 h - 4 boomerangs (quivered)
Armour
 b - a +0 scale mail (worn)
 c - a +0 kite shield (worn)
Potions
 d - a potion of might
 e - a potion of curing
 g - 2 potions of magic


   Skills:
 - Level 3.2 Fighting
 + Level 4.6 Long Blades
 - Level 3.2 Armour
 + Level 6.2 Shields


You had 2 spell levels left.
You didn't know any spells.
Your spell library was empty.

Dungeon Overview and Level Annotations

Branches:
Dungeon (1/1)

Altars:


Innate Abilities, Weirdness & Mutations

You cannot be hasted, slowed, berserked, paralysed or teleported.
You can dig through walls and to a lower floor.
You have a pair of large antennae on your head. (SInv)
Your four strong arms can wield two-handed weapons with a shield.


Message History

The human is severely wounded.
You hit the human but do no damage.
The human is severely wounded.
You block the human's attack.
You barely miss the human.
The human is severely wounded.
The human hits you.
You miss the human.
The human is severely wounded.
The human hits you but does no damage.
You barely miss the human.
The human is severely wounded.
The human hits you! You block the human's attack.
You hit the human but do no damage.
The human is severely wounded.
The human hits you.
You hit the human.
The human is almost dead.
You block the human's attack.
You completely miss the human.
The human is almost dead.
You block the human's attack.
You miss the human.
The human is almost dead.
The human hits you!
* * * LOW HITPOINT WARNING * * *
You block the human's attack.
You closely miss the human.
The human is almost dead.
The human closely misses you.
You hit the human.
The human is almost dead.
You block the human's attack.
You hit the human.
The human is almost dead.
You block the human's attack.
You barely miss the human.
The human is almost dead.
You block the human's attack. The human hits you.
You die...

▓.†...#
▓.....#...≈≈..♣.♣
▓.....#..≈≈≈≈♣...
▓####'#..≈≈≈≈≈≈..
▓....)#.≈≈≈≈≈≈...
▓.....#.≈≈≈≈≈....
▓.....#.≈≈≈......
▓'#####..........
▓........@p......
▓▓▓▓▓▓▓▓▓▓▓▓▓▓▓▓▓
{ { { { { { { {{
{


You could see a human.

Vanquished Creatures
  Jessica (D)
  An endoplasm (D)
  2 rats (D)
4 creatures vanquished.

Vanquished Creatures (others)
  2 plants (D)
2 creatures vanquished.

Grand Total: 6 creatures vanquished

Notes
Turn   | Place    | Note
-------+----------+-------------------------------------------
     0 | D        | rocky1 the Formicid Fighter began the quest for the Orb.
     0 | D        | Reached XP level 1. HP: 18/18 MP: 1/1
     7 | D        | Reached skill level 4 in Shields
    14 | D        | Noticed Jessica
    19 | D        | Killed Jessica
    20 | D        | Reached skill level 6 in Shields
    20 | D        | Reached XP level 2. HP: 11/24 MP: 2/2
    20 | D        | Reached XP level 3. HP: 13/29 MP: 3/3
   243 | D        | Slain by a human

Illustrated notes

Levels and vault maps discovered:
D:        dungeon_sprint_mu [sprint_mu_entry_forest, sprint_mu_temple_rooms,
          sprint_mu_d1_spiders, sprint_mu_d2_genie, sprint_mu_d3_branching,
          sprint_mu_orc_legion, sprint_mu_elf_gauntlet, sprint_mu_hive_nellie,
          sprint_mu_lair_fedhas, sprint_mu_vaults_butterflies,
          sprint_mu_slime_circle, sprint_mu_swamp_cave, sprint_mu_snake_twists,
          sprint_mu_blade_basic, sprint_mu_crypt_fortress,
          sprint_mu_tomb_spiral, sprint_mu_vestibule_basic,
          sprint_mu_gehenna_hellfire, sprint_mu_dis_giant,
          sprint_mu_tartarus_statrot, sprint_mu_cocytus_islands, sprint_mu_zot1]

Skill      XL: |  1 |
---------------+----+-----
Shields        | 6 |  6.2
Long Blades    | 4 |  4.6
Fighting       | |  3.2
Armour         | |  3.2

Action                   || total
-------------------------++-------
Melee: Long sword        ||    40
Throw: Boomerang         ||     2
  Use: Potion            ||     1
Armor: Scale mail        ||     6
Dodge: Dodged            ||    10
Block: Kite shield       ||    23
       Rpst.: Long sword ||     3

Table legend: (Time is in decaauts)
 A = Elapsed time spent in this place.
 B = Non-inter-level travel time spent in this place.
 C = Inter-level travel time spent in this place.
 D = Time resting spent in this place.
 E = Time spent auto-exploring this place.
 F = Levels seen in this place.
 G = Mean time per level.
                   A        B        C        D        E       F      G
               +--------+--------+--------+--------+--------+-----+--------+
         Total |    254 |    254 |      0 |    170 |      0 |   1 |  254.0 |
       Dungeon |    254 |    254 |      0 |    170 |      0 |   1 |  254.0 |
               +--------+--------+--------+--------+--------+-----+--------+

Top non-repeatable levels by time:
       D: 254 daAuts
